 Dungeon Crawl Stone Soup version 0.20-a0-522-g0b37eee (webtiles) character file.

454390 Duffy the Severer (level 24, -9/229 HPs)
             Began as a Naga Fighter on Jan 25, 2017.
             Was the Champion of Makhleb.
             Mangled by a golden dragon (31 damage)
             ... on level 5 of the Vaults.
             The game lasted 01:08:21 (45196 turns).

Duffy the Severer (Naga Fighter)                   Turns: 45196, Time: 01:08:21

Health: -9/229     AC: 18    Str: 26    XL:     24   Next: 4%
Magic:  37/37      EV: 24    Int: 12    God:    Makhleb [******]
Gold:   1392       SH: 33    Dex: 24    Spells: 23/23 levels left

rFire    + . .     SeeInvis +   a - +6 broad axe (vamp)
rCold    + . .     Gourm    .   b - +11 plate armour "Jauset" {rN+ MP+9 Stlth-}
rNeg     + . .     Faith    .   J - +8 large shield {rF+}
rPois    +         Spirit   .   P - +1 hat of the Devil {rPois Dex+7 Stlth-}
rElec    .         Reflect  +   I - +2 cloak {rPois}
rCorr    .         Harm     .   t - +0 pair of gloves
MR       +++..                  V - +0 naga barding
Stlth    ..........             o - +3 amulet of reflection
Regen    0.5/turn               k - ring of protection from cold
                                B - +6 ring of evasion

@: agile, about to teleport, corroded, constricted, very slow
A: iridescent scales 1, see invisible, deformed body, poison resistance,
slowness 2, slow metabolism 1, spit poison 1, constrict 1, AC +8
}: 3/15 runes: serpentine, silver, abyssal
a: Spit Poison, Minor Destruction, Lesser Servant of Makhleb, Major Destruction,
Greater Servant of Makhleb, Renounce Religion


You were on level 5 of the Vaults.
You worshipped Makhleb.
Makhleb was exalted by your worship.
You were not hungry.

You visited 7 branches of the dungeon, and saw 36 of its levels.
You visited the Abyss 2 times.
You visited 1 bazaar.
You also visited: Sewer.

You collected 5838 gold pieces.
You spent 4446 gold pieces at shops.

Inventory:

Hand Weapons
 a - a +6 vampiric broad axe (weapon)
Missiles
 p - 4 throwing nets (quivered)
Armour
 b - the +11 plate armour "Jauset" (worn) {rN+ MP+9 Stlth-}
   (You bought it in a shop on level 1 of the Snake Pit)

   It protects you from negative energy.
   It affects your magic capacity (+9).
   It makes you less stealthy.
 t - a +0 pair of gloves (worn)
 I - a +2 cloak of poison resistance (worn)
 J - a +8 large shield of fire resistance (worn)
 P - the +1 hat of the Devil (worn) {rPois Dex+7 Stlth-}
   (You bought it in a shop on level 1 of the Snake Pit)

   It affects your dexterity (+7).
   It protects you from poison.
   It makes you less stealthy.
 V - a +0 naga barding (worn)
Jewellery
 k - a ring of protection from cold (right hand)
 o - a +3 amulet of reflection (around neck)
 B - a +6 ring of evasion (left hand)
Wands
 y - a wand of paralysis (22/24)
 L - a wand of iceblast (5/15)
 Z - a wand of digging (24/24)
Scrolls
 e - 22 scrolls of teleportation
 h - 4 scrolls of immolation
 j - a scroll of enchant armour
 m - 2 scrolls of holy word
 u - 7 scrolls of recharging
 v - 6 scrolls of magic mapping
 x - a scroll of silence
 C - 5 scrolls of blinking
 M - a scroll of summoning
 N - 9 scrolls of fog
 S - 9 scrolls of identify
 T - 16 scrolls of remove curse
Potions
 d - 6 potions of might
 n - 14 potions of curing
 q - 2 potions of ambrosia
 r - a potion of magic
 s - 6 potions of haste
 w - 9 potions of heal wounds
 z - 9 potions of flight
 A - 4 potions of berserk rage
 D - 5 potions of agility
 K - 2 potions of cancellation
 O - a potion of invisibility
 W - a potion of resistance
 X - 4 potions of cure mutation
Miscellaneous
 H - a lamp of fire
Comestibles
 c - 22 chunks of flesh
 f - 10 bread rations
 i - 25 meat rations
 F - 37 fruits
 R - 15 royal jellies


   Skills:
 + Level 15.9 Fighting
 - Level 18.0 Axes
 + Level 16.4 Armour
 + Level 16.5 Dodging
 + Level 16.1 Shields
 - Level 7.0 Invocations
 - Level 6.0 Evocations


You had 23 spell levels left.
You didn't know any spells.

Dungeon Overview and Level Annotations

Branches:
Dungeon (15/15)            Temple (1/1) D:6            Lair (6/6) D:8
  Swamp (0/4) Lair:4        Snake (4/4) Lair:2        Slime (0/5) Lair:5
    Orc (2/2) D:10            Elf (3/3) Orc:2        Vaults (5/5) D:14
  Crypt (0/3) Vaults:2     Depths (0/5) D:15

Altars:
Ashenzari
Cheibriados
Dithmenos
Elyvilon
Fedhas
Gozag
Hepliaklqana
Kikubaaqudgha
Makhleb
Nemelex Xobeh
Okawaru
Qazlal
Ru
Sif Muna
Trog
Uskayaw
Vehumet
Xom
Yredelemnul
Zin
The Shining One
Beogh

Shops:
D:9 *   D:13 *   Orc:2 :*?   Elf:2 ?   Snake:1 *[*   Vaults:5 *=?=}

Annotations:
Elf:2 3 runed doors, exclusion: 3 doors


Innate Abilities, Weirdness & Mutations

You cannot wear boots.
Your serpentine skin is tough. (AC +8)
You have supernaturally acute eyesight. (SInv)
Armour fits poorly on your strangely shaped body.
Your system is resistant to poisons. (rPois)
You cover ground very slowly.
You have a slow metabolism.
You can spit poison.
You can use your snake-like lower body to constrict enemies.
You are partially covered in iridescent scales. (AC +2)


Message History

The small abomination hits you.
The deep elf death mage hits you but does no damage.
The tentacled monstrosity completely misses you.
The tentacled monstrosity tentacle-slaps you but does no damage. x2
The tentacled monstrosity constricts you!
The golden dragon bites you!!
The golden dragon claws you but does no damage.
The golden dragon tramples you but does no damage.
You turn to flesh and can move again.
Unknown command.
As you read the scroll of teleportation, it crumbles to dust.
You feel strangely unstable.
The small abomination hits you but does no damage.
The entropy weaver casts a spell.
The entropic weave corrodes you!
You block the tentacled monstrosity's attack. x2
The tentacled monstrosity tentacle-slaps you but does no damage.
The tentacled monstrosity constricts you!
The deep elf death mage misses you. The golden dragon bites you!!
You die...

*,,**,,.........#.....(.....##.
*,,**,,........###.)))......##.
*,,**,,,,......* #...)......##.
*,,**,,,,.....,* #)..)......##.
*,,*+*,,,....[** ##........#'#.
*,,*,***,...#** ###....###.#.
*,,,,,,+*###* #####'....)
*,...#######################...
*,..........De@*Dspp...........
*,...........xDXassy.....(.....
**#############################


You could see a tentacled monstrosity, an iron dragon, a golden dragon, a storm
dragon, a death knight, an entropy weaver, a deep elf death mage, a vault
sentinel, a tarantella, 2 redbacks, a small abomination, a lost soul and a
meliai shaped shifter.

Vanquished Creatures
  2 ancient liches (Vaults:5)
  Boris (twice) (Vaults:3 Vaults:4)
  Margery (Vaults:4)
  Saint Roka (Orc:2)
  A golden dragon (Vaults:5)
  Jorgrun (Elf:3)
  3 liches
  2 tentacled monstrosities (Vaults:5)
  2 deep elf blademasters (Elf:3)
  3 titans (Vaults:5)
  2 deep elf master archers (Elf:3)
  A quicksilver dragon (Vaults:5)
  2 tentacled starspawn (Abyss:3)
  10 sphinxes
  A storm dragon (Vaults:5)
  5 shadow dragons (Vaults:5)
  Kirke (D:13)
  3 tengu reavers
  9 nagarajas
  13 vault wardens
  A ghost moth (Abyss:3)
  An iron dragon (Vaults:5)
  10 deep elf sorcerers
  An orc warlord (Orc:1)
  9 fire giants
  2 deep elf elementalists (Elf:3)
  22 ironheart preservers
  Aizul (Vaults:1)
  7 very ugly things
  A war gargoyle (Vaults:5)
  10 stone giants
  Nessos (D:13)
  7 deep elf demonologists
  4 entropy weavers
  5 deep elf annihilators
  9 ettins
  3 deep elf death magi
  Josephine (Lair:5)
  3 fire dragons
  13 yaktaur captains
  A fire dragon (shapeshifter) (Vaults:2)
  20 naga warriors
  4 deep elf high priests
  2 ice dragons
  3 rakshasas
  37 vault guards
  2 great orbs of eyes
  Harold (Lair:1)
  3 catoblepae
  5 centaur warriors
  10 hydras
  Erica (Lair:2)
  4 anacondas
  3 deep troll shamans
  28 two-headed ogres
  7 dancing weapons
  3 death knights
  13 ogre magi
  6 deep troll earth magi
  A thrashing horror (Abyss:3)
  2 tengu warriors (D:15)
  10 naga sharpshooters
  A titan zombie (Vaults:5)
  3 orc high priests (Orc:2)
  9 shock serpents
  9 hell knights (Vaults:4)
  Nergalle (D:9)
  2 wretched stars (Abyss:3)
  13 deep elf knights
  2 salamander mystics
  An unseen horror (shapeshifter) (Vaults:1)
  A sixfirhy (Abyss:3)
  4 skeletal warriors (Vaults:2)
  An anaconda zombie (Abyss:3)
  A flayed ghost (Vaults:2)
  5 unseen horrors
  2 glowing orange brains
  15 deep trolls
  4 shadow wraiths
  3 wizards
  4 naga ritualists
  25 ironbrand convokers
  The ghost of nubinia the Geomancer, a novice GrEE of Sif Muna (D:8)
  7 phantasmal warriors
  A lindwurm (Lair:4)
  A shadow dragon zombie (Vaults:5)
  6 harpies
  8 deep elf archers
  4 mana vipers
  4 wolf spiders
  6 necromancers
  16 orc knights
  26 ugly things
  47 deep elf magi
  A large abomination (Abyss:3)
  A tengu skeleton (Vaults:5)
  10 cyclopes
  A stone giant zombie (Vaults:3)
  11 orc sorcerers
  A worldbinder (Abyss:3)
  4 manticores
  A salamander (shapeshifter) (Vaults:3)
  10 salamanders
  5 elephants (Lair:6)
  Maurice (D:7)
  An apocalypse crab (Abyss:3)
  27 black mambas
  6 guardian serpents
  A moth of wrath (shapeshifter) (Elf:2)
  29 naga magi
  Joseph (D:8)
  A guardian serpent (shapeshifter) (Vaults:4)
  16 vault sentinels
  3 smoke demons (Abyss:3)
  A gargoyle (D:14)
  4 rime drakes
  13 spiny frogs
  8 freezing wraiths
  31 yaktaurs
  2 yaktaur skeletons
  14 komodo dragons
  2 tengu conjurers (D:12)
  An efreet (D:13)
  A meliai (shapeshifter) (Vaults:5)
  2 queen bees (shapeshifter)
  11 trolls
  3 ancient zymes (Abyss:3)
  6 polar bears
  A hornet (Lair:6)
  A wind drake (shapeshifter) (Vaults:1)
  A tengu simulacrum (Vaults:1)
  A wind drake (Lair:6)
  A snapping turtle (shapeshifter) (Vaults:1)
  A meliai zombie (D:15)
  25 slime creatures
  8 hippogriffs
  A human simulacrum (Vaults:3)
  Prince Ribbit (D:9)
  14 blink frogs
  2 frost giant simulacra (Vaults:3)
  2 air elementals
  A spriggan (shapeshifter) (Vaults:4)
  10 wraiths
  2 shadows
  3 wyverns
  13 redbacks
  A redback (shapeshifter) (Vaults:1)
  2 water elementals (Elf:1)
  A human (D:10)
  6 hogs
  4 fire elementals
  A vampire (D:13)
  37 yaks
  A fire bat (shapeshifter) (Vaults:5)
  A steam dragon (D:9)
  3 hungry ghosts
  2 basilisks (shapeshifter)
  6 basilisks
  A yaktaur simulacrum (Vaults:3)
  A vampire mosquito (D:15)
  Grum (D:7)
  A warg (Vaults:2)
  43 nagas
  3 hell hounds (Elf:2)
  2 acid dragons
  A soldier ant (shapeshifter) (Vaults:4)
  10 water moccasins
  10 porcupines
  4 ice beasts
  An eye of draining (shapeshifter) (Vaults:4)
  39 orc warriors
  6 sky beasts
  2 ettin simulacra
  2 eyes of draining
  16 centaurs
  2 human skeletons (Vaults:3)
  39 ogres
  4 phantoms
  25 wolves
  8 crocodiles
  An elf zombie (D:13)
  13 bullfrogs
  3 big kobolds
  A wyvern zombie (D:11)
  An earth elemental (Elf:2)
  A scorpion (D:11)
  A wyvern skeleton (D:8)
  A water moccasin skeleton (D:8)
  A troll zombie (D:13)
  21 killer bees
  7 howler monkeys
  12 wights
  5 electric eels
  A bullfrog zombie (D:10)
  6 crimson imps
  10 starcursed masses (Abyss:3)
  5 centaur zombies
  A bullfrog skeleton (D:5)
  4 hounds
  10 jellies
  2 quasits
  7 centaur skeletons
  20 orc priests
  3 iguanas
  4 human zombies (D:13)
  Jessica (D:3)
  38 orc wizards
  2 merfolk avatars
  A merfolk siren (Sewer)
  14 worker ants
  2 hound skeletons
  3 mummies (D:13)
  A worker ant zombie (D:7)
  A gnoll (D:1)
  A river rat (Sewer)
  18 adders
  A howler monkey skeleton (D:6)
  A shadow imp (D:15)
  2 ufetubi
  2 oozes (Lair:5)
  2 adder zombies
  An adder skeleton (D:4)
  4 worms
  3 dart slugs (D:1)
  9 leopard geckos
  101 orcs
  11 bats
  7 giant cockroaches
  7 goblins
  5 hobgoblins
  7 jackals
  7 quokkas
  3 ball pythons
  12 frilled lizards
  A jackal skeleton (D:5)
  A jackal zombie (D:8)
  27 kobolds
  2 leopard gecko skeletons
  2 quokka skeletons
  A quokka zombie (D:9)
  32 rats
  5 crawling corpses
  7 fungi (Lair:6)
  22 plants
  2 starspawn tentacles (Abyss:3)
1689 creatures vanquished.

Vanquished Creatures (collateral kills)
  A stone giant (Orc:2)
  A dire elephant (Lair:6)
  A hydra (Lair:6)
  A komodo dragon (Lair:3)
  A wind drake (Lair:6)
  A warg (Orc:2)
  A porcupine (Lair:3)
  An orc warrior (Orc:2)
  A crocodile (Lair:1)
9 creatures vanquished.

Vanquished Creatures (others)
  2 deep elf master archers (Elf:3)
  A sphinx (Vaults:5)
  2 vault wardens
  A stone giant (Vaults:3)
  A deep elf high priest (Vaults:5)
  A yaktaur captain (Vaults:5)
  A satyr (Abyss:3)
  A two-headed ogre (Vaults:4)
  3 naga sharpshooters
  3 deep elf archers
  A deep elf mage (Elf:1)
  A manticore (Elf:2)
  2 naga magi (Snake:4)
  14 yaktaurs
  An ancient zyme (Abyss:3)
  A ynoxinul (Abyss:3)
  3 centaurs (Vaults:4)
  A crimson imp (D:12)
  An orc wizard (Orc:2)
  11 fungi
  A lurking horror (Abyss:3)
  14 plants
  8 starspawn tentacles (Abyss:3)
75 creatures vanquished.

Grand Total: 1773 creatures vanquished

Notes
Turn   | Place    | Note
-------+----------+-------------------------------------------
     0 | D:1      | Duffy the Naga Fighter began the quest for the Orb.
     0 | D:1      | Reached XP level 1. HP: 21/21 MP: 1/1
    57 | D:1      | Reached XP level 2. HP: 28/28 MP: 2/2
   396 | D:1      | Reached XP level 3. HP: 19/34 MP: 3/3
  1149 | D:2      | Reached skill level 3 in Axes
  1182 | D:2      | Reached XP level 4. HP: 34/42 MP: 4/4
  1883 | D:2      | Reached XP level 5. HP: 44/49 MP: 5/5
  2012 | D:2      | Found a deep blue altar of Sif Muna.
  2388 | D:3      | Reached skill level 4 in Axes
  2581 | D:3      | Noticed Jessica
  2598 | D:3      | Killed Jessica
  2598 | D:3      | Reached XP level 6. HP: 36/56 MP: 6/6
  3124 | D:4      | Found a glowing drain.
  3129 | Sewer    | Entered a sewer
  4019 | D:5      | Entered Level 5 of the Dungeon
  4023 | D:5      | Reached skill level 5 in Axes
  4023 | D:5      | Reached skill level 1 in Evocations
  4023 | D:5      | Reached XP level 7. HP: 48/62 MP: 7/7
  4314 | D:4      | Reached skill level 5 in Shields
  5147 | D:5      | Reached XP level 8. HP: 69/69 MP: 10/10
  5367 | D:5      | Found a hide-covered altar of Uskayaw.
  5881 | D:6      | Found a staircase to the Ecumenical Temple.
  5890 | Temple   | Entered the Ecumenical Temple
  6083 | Temple   | Became a worshipper of Makhleb the Destroyer
  6427 | D:6      | Reached skill level 5 in Evocations
  7234 | D:7      | Reached XP level 9. HP: 75/75 MP: 13/13
  7558 | D:8      | Noticed Joseph
  7578 | D:8      | Killed Joseph
  7586 | D:8      | Noticed nubinia's ghost (novice GrEE)
  8346 | D:8      | Noticed Grum
  8512 | D:7      | Killed Grum
  8806 | D:9      | Noticed Maurice
  8829 | D:9      | Noticed a two-headed ogre
  8853 | D:7      | Killed Maurice
  8853 | D:7      | Reached skill level 6 in Axes
  8893 | D:8      | Reached XP level 10. HP: 69/87 MP: 14/14
  9309 | D:7      | Reached skill level 5 in Fighting
  9776 | D:8      | Reached * piety under Makhleb
  9776 | D:8      | Reached skill level 7 in Axes
  9853 | D:8      | Got a steaming flail {speed}
  9854 | D:8      | Identified the +8 flail "Fuih" {speed, *Corrode rC+++ Str-5 Stlth+} (You took it off an orc on level 8 of the Dungeon)
 10001 | D:9      | Killed a two-headed ogre
 10090 | D:9      | Found Yfav's General Store.
 10096 | D:9      | Noticed Prince Ribbit
 10210 | D:9      | Bought a potion of berserk rage for 60 gold pieces
 10210 | D:9      | Bought a scroll of fog for 24 gold pieces
 10210 | D:9      | Bought a potion of lignification for 36 gold pieces
 10624 | D:9      | Killed Prince Ribbit
 10624 | D:9      | Reached skill level 1 in Invocations
 10764 | D:9      | Reached skill level 8 in Axes
 11040 | D:9      | Found a hazy altar of Hepliaklqana.
 11202 | D:10     | Entered Level 10 of the Dungeon
 11233 | D:10     | Found a blossoming altar of Fedhas.
 11416 | D:10     | Reached skill level 5 in Invocations
 11416 | D:10     | Reached XP level 11. HP: 55/99 MP: 15/15
 11621 | D:10     | Noticed an unseen horror
 11635 | D:10     | Killed an unseen horror
 11756 | D:10     | Reached ** piety under Makhleb
 12413 | D:10     | Found a staircase to the Orcish Mines.
 12661 | D:10     | Noticed Nergalle
 12715 | D:9      | Killed Nergalle
 12715 | D:9      | Reached skill level 9 in Axes
 13481 | Orc:1    | Entered Level 1 of the Orcish Mines
 13493 | Orc:1    | Noticed an orc sorcerer
 13635 | Orc:1    | Noticed an orc sorcerer
 13651 | D:10     | Killed an orc sorcerer
 13757 | D:10     | Noticed a two-headed ogre
 13766 | D:10     | Killed a two-headed ogre
 13766 | D:10     | Reached *** piety under Makhleb
 13903 | Orc:1    | Paralysed by an orc sorcerer for 7 turns
 13914 | D:10     | Killed an orc sorcerer
 13914 | D:10     | Reached skill level 10 in Axes
 14404 | D:9      | Bought the +8 chain mail "Seilov" {rN+} for 668 gold pieces
 14750 | D:8      | Killed nubinia's ghost
 15042 | D:8      | Found a staircase to the Lair.
 15067 | D:8      | Reached XP level 12. HP: 110/110 MP: 17/17
 15100 | Lair:1   | Entered Level 1 of the Lair of Beasts
 15104 | D:8      | Reached skill level 5 in Armour
 15224 | Lair:1   | Gained mutation: You are partially covered in iridescent scales. (AC +2) [potion of beneficial mutation]
 15355 | Lair:1   | Found a bloodstained altar of Trog.
 15731 | Lair:1   | Noticed Harold
 15759 | Lair:1   | Killed Harold
 16780 | Lair:2   | Noticed Erica
 16804 | Lair:2   | Killed Erica
 16963 | Lair:2   | Found a staircase to the Snake Pit.
 17751 | Lair:3   | Reached skill level 11 in Axes
 18378 | Lair:3   | Reached **** piety under Makhleb
 18549 | Lair:3   | Gained mutation: You can use your snake-like lower body to constrict enemies. [Naga growth]
 18549 | Lair:3   | Reached XP level 13. HP: 122/122 MP: 18/18
 18651 | Lair:4   | Reached skill level 10 in Fighting
 19364 | Lair:4   | Found a staircase to the Swamp.
 19632 | Lair:5   | Noticed Josephine
 19641 | Lair:5   | Killed Josephine
 19815 | Lair:5   | Found a staircase to the Slime Pits.
 20346 | Lair:5   | Reached skill level 12 in Axes
 20423 | Lair:6   | Entered Level 6 of the Lair of Beasts
 20592 | Lair:6   | Reached ***** piety under Makhleb
 20867 | Lair:6   | Noticed a dire elephant
 20889 | Lair:6   | Killed a dire elephant
 20889 | Lair:6   | Reached XP level 14. HP: 135/135 MP: 19/19
 21057 | Lair:6   | Reached skill level 13 in Axes
 21097 | Lair:6   | Identified a scroll of acquirement
 22045 | Orc:2    | Entered Level 2 of the Orcish Mines
 22049 | Orc:2    | Noticed an orc warlord
 22070 | Orc:1    | Killed an orc warlord
 22126 | Orc:2    | Noticed a stone giant
 22138 | Orc:2    | Killed a stone giant
 22175 | Orc:2    | Found a roughly hewn altar of Beogh.
 22301 | Orc:2    | Noticed Saint Roka
 22322 | Orc:2    | Killed Saint Roka
 22322 | Orc:2    | Reached skill level 10 in Armour
 22447 | Orc:2    | Found a staircase to the Elven Halls.
 22512 | Orc:2    | Paralysed by an orc sorcerer for 4 turns
 22835 | Orc:2    | Reached skill level 10 in Shields
 22892 | Orc:2    | Reached ****** piety under Makhleb
 22893 | Orc:2    | Found Fyxir's Magic Scroll Shop.
 22893 | Orc:2    | Found Jafuthou's Gadget Shop.
 22896 | Orc:2    | Reached skill level 14 in Axes
 22907 | Orc:2    | Found Godghunaa's Assorted Antiques.
 22907 | Orc:2    | Found Simit's Book Shoppe.
 23212 | Orc:2    | Bought a scroll of blinking for 112 gold pieces
 23212 | Orc:2    | Bought a scroll of magic mapping for 52 gold pieces
 23212 | Orc:2    | Bought a scroll of identify for 30 gold pieces
 23212 | Orc:2    | Bought a scroll of enchant weapon for 112 gold pieces
 23212 | Orc:2    | Bought a scroll of noise for 15 gold pieces
 23221 | Orc:2    | Bought a scroll of enchant armour for 202 gold pieces
 23221 | Orc:2    | Bought a scroll of teleportation for 81 gold pieces
 23221 | Orc:2    | Bought a scroll of enchant armour for 202 gold pieces
 23221 | Orc:2    | Bought 2 scrolls of fog for 108 gold pieces
 23221 | Orc:2    | Bought a scroll of identify for 54 gold pieces
 23221 | Orc:2    | Bought a scroll labeled DOACHE QA DEZ for 27 gold pieces
 23238 | Orc:2    | Bought a glowing copper amulet for 135 gold pieces
 23240 | Orc:2    | Bought a lumpy pearl amulet for 135 gold pieces
 23560 | D:11     | Reached XP level 15. HP: 144/144 MP: 20/20
 24927 | D:13     | Found a basalt altar of Yredelemnul.
 25016 | D:13     | Noticed Kirke
 25055 | D:13     | Killed Kirke
 25241 | D:13     | Noticed Nessos
 25251 | D:13     | Killed Nessos
 25332 | D:13     | Found Yzynan's General Store.
 25349 | D:13     | Bought a potion of invisibility for 120 gold pieces
 25715 | D:14     | Reached skill level 15 in Axes
 25724 | D:14     | Found a gate to the Vaults.
 26706 | D:15     | Entered Level 15 of the Dungeon
 26971 | D:15     | Found a staircase to the Depths.
 26971 | D:15     | Noticed a fire giant
 26996 | D:15     | Killed a fire giant
 27391 | D:15     | Reached XP level 16. HP: 152/152 MP: 21/21
 28221 | Snake:1  | Entered Level 1 of the Snake Pit
 28570 | Snake:1  | Reached skill level 16 in Axes
 28609 | Snake:1  | Found Ycaotoexa's Assorted Antiques.
 28609 | Snake:1  | Found Benank's Antique Armour Shop.
 28648 | Snake:1  | Bought a lumpy diamond amulet for 185 gold pieces
 28723 | Snake:1  | Bought a brightly glowing hat for 315 gold pieces
 28733 | Snake:1  | Identified the +1 hat of the Devil {rPois Dex+7 Stlth-} (You bought it in a shop on level 1 of the Snake Pit)
 28781 | Snake:1  | Reached skill level 1 in Dodging
 28994 | Snake:1  | Found a shadowy altar of Dithmenos.
 29327 | Snake:1  | Found Ikaunah's Assorted Antiques.
 29940 | Snake:2  | Found a flickering gateway to a bazaar.
 29972 | Bazaar   | Entered a bazaar
 29977 | Bazaar   | Found Seoha's Weapon Shoppe.
 29986 | Bazaar   | Found Ceitegroh's Book Boutique.
 29986 | Bazaar   | Found Puhiduy's Gadget Boutique.
 29995 | Bazaar   | Found Sihuohats's Book Emporium.
 31804 | Snake:4  | Entered Level 4 of the Snake Pit
 32073 | Snake:4  | Reached XP level 17. HP: 159/159 MP: 22/22
 32081 | Snake:4  | Reached skill level 5 in Dodging
 32130 | Snake:4  | Reached skill level 17 in Axes
 33154 | Snake:4  | Got a serpentine rune of Zot
 33654 | Vaults:1 | Entered Level 1 of the Vaults
 33918 | Vaults:1 | Reached XP level 18. HP: 168/168 MP: 23/23
 33919 | Vaults:1 | Noticed Aizul
 33919 | Vaults:1 | Reached skill level 18 in Axes
 33932 | Vaults:1 | Killed Aizul
 34357 | Vaults:1 | Noticed a lich
 34372 | Vaults:1 | Killed a lich
 34373 | Vaults:1 | Cast into level 2 of the Abyss (a deep elf demonologist)
 34374 | Abyss:2  | Found a corrupted altar of Lugonu.
 34386 | Vaults:1 | Escaped the Abyss
 34389 | Vaults:1 | Noticed a Tzitzimitl
 34602 | Vaults:1 | Reached skill level 15 in Shields
 35137 | Vaults:1 | Reached skill level 10 in Dodging
 35219 | Vaults:1 | Reached XP level 19. HP: 175/175 MP: 24/24
 35269 | Vaults:1 | Found an opulent altar of Gozag.
 35802 | Vaults:2 | Found a staircase to the Crypt.
 37136 | Snake:1  | Bought a black opal-encrusted plate armour for 980 gold pieces
 37136 | Snake:1  | Identified the +11 plate armour "Jauset" {rN+ MP+9 Stlth-} (You bought it in a shop on level 1 of the Snake Pit)
 37382 | Elf:1    | Entered Level 1 of the Elven Halls
 37610 | Elf:1    | Reached XP level 20. HP: 187/187 MP: 25/25
 38380 | Elf:2    | Found Diludupa's Magic Scroll Shop.
 38418 | Elf:2    | Bought a scroll of enchant weapon for 90 gold pieces
 38440 | Elf:2    | Found a runed gate.
 38441 | Elf:2    | Found a runed gate.
 38442 | Elf:2    | Found a runed gate.
 39022 | Elf:2    | Paralysed by a sphinx for 4 turns
 39258 | Elf:3    | Entered Level 3 of the Elven Halls
 39409 | Elf:3    | Noticed Jorgrun
 39421 | Elf:3    | Killed Jorgrun
 39670 | Elf:3    | Cast into level 3 of the Abyss (a deep elf sorcerer)
 39746 | Abyss:3  | Found a corrupted altar of Lugonu.
 39782 | Abyss:3  | Reached XP level 21. HP: 199/199 MP: 26/26
 39862 | Abyss:3  | Paralysed by accursed screaming for 2 turns
 39882 | Abyss:3  | Got an abyssal rune of Zot
 39897 | Elf:3    | Escaped the Abyss
 40002 | Elf:3    | Reached skill level 15 in Fighting
 40143 | Elf:3    | Got a scintillating tin ring
 40172 | Elf:3    | Identified the ring "Xaky" {Dex+3 Stlth-} (You found it on level 3 of the Elven Halls)
 40669 | Snake:1  | Bought a hardcover manual for 555 gold pieces
 40672 | Snake:1  | Bought a scroll of fog for 74 gold pieces
 40672 | Snake:1  | Bought a scroll of fog for 74 gold pieces
 41518 | Vaults:3 | Noticed Boris
 41532 | Vaults:3 | Killed Boris
 42685 | Vaults:4 | Noticed Margery
 42703 | Vaults:4 | Reached XP level 22. HP: 210/210 MP: 27/27
 42710 | Vaults:4 | Killed Margery
 43021 | Vaults:4 | Noticed Boris
 43032 | Vaults:4 | Killed Boris
 43510 | Vaults:4 | Reached skill level 15 in Dodging
 43671 | Vaults:5 | Entered Level 5 of the Vaults
 43749 | Vaults:4 | Reached skill level 15 in Armour
 44360 | Vaults:5 | Reached XP level 23. HP: 217/217 MP: 28/28
 44790 | Vaults:5 | Found Fabaiqut's Gadget Shop.
 44796 | Vaults:5 | Found Goesunolo's Magic Scroll Shoppe.
 44797 | Vaults:5 | Found Owkeb's Jewellery Shoppe.
 44917 | Vaults:5 | Found Erehim's General Store.
 44924 | Vaults:5 | Found Pehesuun's Jewellery Shop.
 44949 | Vaults:5 | Noticed an ancient lich
 44968 | Vaults:5 | Killed an ancient lich
 45059 | Vaults:5 | Got a silver rune of Zot
 45137 | Vaults:5 | Noticed a golden dragon
 45143 | Vaults:5 | Noticed a golden dragon
 45145 | Vaults:5 | Noticed an ancient lich
 45184 | Vaults:5 | Killed a golden dragon
 45186 | Vaults:5 | Killed an ancient lich
 45186 | Vaults:5 | Reached XP level 24. HP: 163/229 MP: 28/28
 45196 | Vaults:5 | Mangled by a golden dragon

Vault maps used:
D:1:      nicolae_arrival_somewhat_less_tricky_arrival, lemuel_another_geyser
D:2:      lemuel_blue_sif_altar, kennysheep_generic_room_9
D:3:      uniq_jessica
D:4:      portal_sewer_entry_e
D:5:      eat_drink_and_be_merry_uskayaw, first_bread
D:6:      temple_pool_b
D:8:      david_lair_shrubbed, minmay_checkerbox, uniq_grum, uniq_joseph
D:9:      lemuel_coloured_pillars_altar, serial_shops, shop_statue,
          uniq_prince_ribbit1, uniq_maurice
D:10:     erik_orc_2, grunt_livestock, minmay_misc_feat_alley, fedhas_altar_2,
          uniq_nergalle
D:11:     nrook_pool_corridor, mrwooster_statue_mirror
D:13:     serial_shops, shop_fountains, lemuel_mausoleum_altar_yredelemnul,
          uniq_kirke, uniq_nessos
D:14:     david_vaults_1
D:15:     grunt_enter_depths_giant_problem
Temple:   eino_narrow_crystal_temple
Lair:1:   wad_woods_structure_01, basic_altar, uniq_harold
Lair:2:   dummy_snake_entry, grunt_megastairs_1, uniq_erica
Lair:3:   serial_bayou_ford_a, st_stairs_4, beast_lair_carwin_4,
          lemuel_fruit_fields, grunt_megastairs_3, infiniplex_staircase_pool_2
Lair:4:   minmay_swamp_entry_eels
Lair:5:   nicolae_slime_entry_slimehenge, infiniplex_staircase_pool,
          grunt_megastairs_2, uniq_josephine
Lair:6:   gammafunk_lair_ancient_temple
Snake:1:  basic_altar, serial_shops, shop, minmay_shoptagon
Snake:2:  serial_shops, bzr_entry_gold, nicolae_snake_squiggles,
          serial_bayou_shore_b
Snake:4:  snake_pit
Orc:1:    guppyfry_library_mini
Orc:2:    st_orc_elflike, lemuel_statue_altar, uniq_saint_roka
Elf:1:    elf_arrival_002, minmay_elf_demonology, kennysheep_underground_church
Elf:2:    serial_shops, shop, special_room, spider_trap,
          statue_in_the_mist_lemuel
Elf:3:    minmay_elf_hall_circle, hangedman_elf_power_crystal, uniq_jorgrun
Vaults:1: st_greater_box_2, v_alt_pattern_5, ontoclasm_vaults_ligature,
          ontoclasm_vaults_tryst, vaults_room_pools, hangedman_vaults_slice,
          nicolae_vaults_network_quinsquares, v_rooms_4, v_misc_11, basic_altar,
          uniq_aizul
Vaults:2: nicolae_vaults_twisting_passages, vaults_room_octagon,
          vaults_room_ringed_pool, v_pattern_4, nicolae_vaults_triangles,
          nicolae_vaults_ring_of_whatevers, vaults_room_hallway,
          minmay_crypt_entry_simple_sparse, ontoclasm_vaults_ring_large,
          ontoclasm_vaults_chip, v_misc_30, v_misc_17, dpeg_vaults_monster_box,
          serial_ice_b
Vaults:3: nicolae_vaults_little_squares_3, hangedman_vaults_nodes,
          vaults_room_large_hall, v_misc_33, v_misc_15, hangedman_vaults_cutoff,
          ontoclasm_vaults_shuriken, nicolae_vaults_little_squares_1,
          vaults_room_door_ring, uniq_boris
Vaults:4: v_misc_24, v_misc_18, hangedman_vaults_restitches,
          hangedman_vaults_stitches, grunt_vaults_swirl, grunt_vaults_trifunnel,
          nicolae_vaults_network_square, ontoclasm_vaults_fault,
          vaults_room_semicircle, serial_ice_b,
          nicolae_vaults_ring_of_whatevers, uniq_boris, uniq_margery
Vaults:5: serial_shops
Abyss:3:  nicolae_abyss_rune_left_handed, hangedman_decor_peaks_small,
          bh_abyss_negative
Bazaar:   bazaar_jpeg_ribbon
Sewer:    sewer_sea

Skill      XL: |  1  2  3  4  5  6  7  8  9 10 11 12 13 14 15 16 17 18 19 20 21 22 23 |
---------------+----------------------------------------------------------------------+-----
Shields        | 3 4 5 6 9 10 12 13 14 15 16 | 16.1
Axes           | 3 4 5 6 8 10 11 12 14 15 16 17 18 | 18.0
Evocations     | 1 3 6 |  6.0
Fighting       | 4 6 8 9 11 12 13 14 15 | 15.9
Invocations    | 5 7 |  7.0
Armour         | 4 7 9 10 11 12 14 15 16 | 16.4
Dodging        | 4 7 10 11 12 14 15 16 | 16.5

Action                   |  1- 3 |  4- 6 |  7- 9 | 10-12 | 13-15 | 16-18 | 19-21 | 22-24 || total
-------------------------+-------+-------+-------+-------+-------+-------+-------+-------++-------
Melee: War axe           |   105 |   360 |   111 |       |   269 |       |       |       ||   845
       Whip              |       |       |   264 |  1099 |    57 |       |       |       ||  1420
       Flail             |       |       |       |    24 |       |       |       |       ||    24
       Broad axe         |       |       |       |       |   917 |  1091 |  1413 |   975 ||  4396
       Constrict         |       |       |       |       |   228 |   197 |   227 |   105 ||   757
Invok: Lesser Servant of |       |       |       |     4 |     6 |       |       |       ||    10
 Abil: Spit Poison       |     1 |     3 |     3 |    26 |       |       |       |       ||    33
Evoke: Wand              |       |       |       |       |     6 |       |       |       ||     6
       Lamp of fire      |       |       |       |       |       |     1 |       |       ||     1
  Use: Scroll            |       |     6 |     8 |    10 |    21 |     8 |     8 |     3 ||    64
       Potion            |       |     1 |       |     1 |     2 |     1 |     2 |     2 ||     9
 Stab: Distracted        |       |       |       |     1 |     2 |       |     2 |       ||     5
       Paralysed         |       |       |       |       |     3 |       |       |       ||     3
       Petrified         |       |       |       |       |       |       |     3 |       ||     3
       Petrifying        |       |       |       |       |       |       |     1 |       ||     1
       Invisible         |       |       |       |       |       |       |     7 |       ||     7
  Eat: Chunk             |       |     9 |     9 |    19 |    21 |    10 |     9 |     1 ||    78
       Bread ration      |       |       |     1 |     2 |     5 |     3 |     4 |     1 ||    16
Armor: Scale mail        |    54 |    99 |       |       |       |       |       |       ||   153
       Ring mail         |       |   120 |   166 |   178 |       |       |       |       ||   464
       Chain mail        |       |       |       |   155 |   688 |   402 |    36 |       ||  1281
       Plate armour      |       |       |       |       |       |       |   520 |   320 ||   840
Dodge: Dodged            |    28 |    85 |    93 |   271 |   357 |   266 |   499 |   311 ||  1910
Block: Shield            |    71 |   210 |   219 |   498 |   197 |       |       |       ||  1195
       Large shield      |       |       |       |       |   895 |  1437 |  1673 |  1253 ||  5258
       Reflection        |       |       |       |       |       |   144 |   113 |    74 ||   331
